 Dungeon Crawl Stone Soup version 0.31-a0-232-gb1c03b2570 (webtiles) character file.

Game seed: 12957636229148192911

63 qw the Shooter (level 4, 0/26 HPs)
             Began as a Gargoyle Hexslinger on July 7, 2023.
             Slain by Grinder (7 damage)
             ... on level 2 of the Dungeon.
             The game lasted 00:00:31 (1311 turns).

qw the Shooter (Gargoyle Hexslinger)                Turns: 1311, Time: 00:00:31

Health: 0/26       AC:  8    Str: 12    XL:     4   Next: 9%
Magic:  5/5        EV: 10    Int: 13    God:
Gold:   158        SH:  0    Dex: 14    Spells: 4/5 levels left

rFire   . . .        Y - +1 sling
rCold   . . .        (no shield)
rNeg    + . .        e - +0 ring mail
rPois   inf          (no helmet)
rElec   +            (no cloak)
rCorr   .            (no gloves)
SInv    .            (no boots)
Will    .....        (no amulet)
Stlth   +            (no ring)
HPRegen 0.24/turn    (no ring)
MPRegen 0.09/turn

%: no passive effects
@: no status effects
A: sickness immunity, AC +3, negative energy resistance 1, electricity
resistance, torment resistance 1, petrification resistance
a: no special abilities


You were on level 2 of the Dungeon.
You visited 1 branch of the dungeon, and saw 3 of its levels.

You collected 158 gold pieces.


Innate Abilities, Weirdness & Mutations

You are immune to sickness and miasma.
Your stone body is resilient. (AC +3)
You are immune to poison.
You resist negative energy. (rN+)
You are resistant to electric shocks. (rElec)
You are resistant to unholy torment.
You are immune to petrification.


   Skills:
 - Level 2.0 Fighting
 + Level 3.9 Ranged Weapons
 - Level 1.5 Dodging
 - Level 1.0 Spellcasting
 - Level 2.6 Hexes


You had 4 spell levels left.
You knew the following spells:

 Your Spells              Type           Power      Damage    Failure   Level
a - Slow                  Hex            28%        N/A       22%         1

Your spell library contained the following spells:

 Spells                   Type           Power      Damage    Failure   Level
 Inner Flame              Hex/Fire       4%         N/A       73%         3
 Portal Projectile        Hex/Tloc       8%         N/A       73%         3
 Cause Fear               Hex            3%         N/A       91%         4

Inventory:

Hand Weapons
 Y - a +1 sling (weapon)
Armour
 e - a +0 ring mail (worn)
Potions
 d - a potion of resistance {unknown}
 g - a potion of ambrosia {unknown}
 i - a potion of might {unknown}

Dungeon Overview and Level Annotations

Branches:
Dungeon (3/15)

Altars:
Ru

Annotations:
D:2 1 runed translucent door, Crazy Yiuf, Grinder


Message History

There are monsters nearby!
Waypoint 2 assigned to D:3.
You shoot a sling bullet.
The sling bullet closely misses Grinder.
Grinder gestures at you. Pain shoots through your body!
The rat closely misses you.
You feel less attractive to monsters.
1299 ||| STAIRDANCE The rat bites you but does no damage.
Grinder closely misses you.
You climb upwards.
Level annotation: 1 runed translucent door, Crazy Yiuf
There is a stone staircase leading down here.
Enter note:
Enter note:
Enter note:
Enter note:
Enter note:
Enter note: You shoot a sling bullet.
The sling bullet closely misses Grinder.
The rat bites you. Grinder hits you.
You shoot a sling bullet. The sling bullet hits Grinder.
Grinder is lightly wounded.
The rat bites you but does no damage.
Grinder blinks!
The rat bites you but does no damage.
You shoot a sling bullet. The sling bullet hits the rat.
You kill the rat!
You start resting.
Grinder is nearby!
You shoot a sling bullet.
The sling bullet hits Grinder but does no damage.
You shoot a sling bullet. The sling bullet barely misses Grinder.
You feel your willpower return.
Grinder says, "Just stop there for a second..."
Grinder hits you. Grinder closely misses you.
You shoot a sling bullet. The sling bullet hits Grinder.
Grinder is lightly wounded.
Grinder hits you.
You shoot a sling bullet. The sling bullet barely misses Grinder.
Grinder hits you!
You die...

.......## #.##.##.#####.#
.###.)## #.##.##.#####.## .#
#).# #.##.##.##.....# .#
#..########.##.##.##.....## ##
#........##.##.#...#.._...##
##.#####.##.##.............###
#..# #.##.####...#..........
##.####.##.#####.#####.######
###.....>....5@# #.# #.####
###............#.# #.# #....#
.##.#..####.##.#.###.# ####.#
....#.......##.....#.# #.#
###.#..........###.#.# #.#
#.#..####....###...# #.#
#.#..# #......#.### ##.##
#.#..####........# #...#
#.#............### ###...##


You could see Grinder.

Vanquished Creatures
  2 adders (D:2)
  A worm (D:2)
  A dart slug (D:1)
  2 ball pythons
  3 bats
  2 endoplasms (D:1)
  A giant cockroach (D:2)
  6 goblins (D:1)
  2 hobgoblins
  7 jackals
  A quokka (D:1)
  A frilled lizard (D:2)
  4 kobolds
  3 rats
36 creatures vanquished.

Notes
Turn   | Place    | Note
-------+----------+-------------------------------------------
     0 | D:1      | qw the Gargoyle Hexslinger began the quest for the Orb.
     0 | D:1      | Reached XP level 1. HP: 12/12 MP: 2/2
     0 | D:1      | 0 ||| qw: Version: 0.3-a-46-gb1f654a
     0 | D:1      | 0 ||| qw: Game counter: 2860
     0 | D:1      | 0 ||| qw: Melee chars always use a shield: true
     0 | D:1      | 0 ||| qw: God list: Okawaru
     0 | D:1      | 0 ||| qw: Allow faded altars: false
     0 | D:1      | 0 ||| qw: Do Orc after clearing Dungeon:15 true
     0 | D:1      | 0 ||| qw: Do second Lair branch before Depths: true
     0 | D:1      | 0 ||| qw: Lair rune preference: random
     0 | D:1      | 0 ||| qw: Goals: Normal
     0 | D:1      | 0 ||| PLANNING D:1-11
    96 | D:1      | Reached XP level 2. HP: 16/16 MP: 3/3
   111 | D:1      | Reached skill level 3 in Ranged Weapons
   188 | D:1      | Reached XP level 3. HP: 21/21 MP: 4/4
   473 | D:1      | 473 ||| READING scroll labelled ECZOITWUXUA.
   474 | D:1      | 474 ||| READING scroll labelled TEORUENL HASASM.
   475 | D:1      | 475 ||| READING scroll labelled NANITR MOTHRONI.
   476 | D:1      | 476 ||| READING scroll labelled WELOFEDD FUJIA.
   477 | D:1      | 477 ||| DROPPING scroll of poison.
   797 | D:2      | Found a faded altar of an unknown god.
   869 | D:2      | Found a sacrificial altar of Ru.
   906 | D:2      | Reached XP level 4. HP: 21/26 MP: 5/5
  1063 | D:2      | Found a runed translucent door.
  1064 | D:2      | Noticed Crazy Yiuf
  1243 | D:2      | 1243 ||| UPGRADING to +0 leather armour.
  1253 | D:2      | 1253 ||| DROPPING +0 robe.
  1254 | D:2      | 1254 ||| UPGRADING to +0 ring mail.
  1264 | D:2      | 1264 ||| DROPPING +0 leather armour.
  1265 | D:2      | 1265 ||| READING scroll labelled INLUIR HYSSO.
  1266 | D:2      | 1266 ||| DRINKING 2 ruby potions.
  1267 | D:2      | 1267 ||| DROPPING potion of attraction.
  1297 | D:3      | Noticed Grinder
  1299 | D:3      | 1299 ||| STAIRDANCE
  1310 | D:2      | HP: 6/26 [Grinder (5)]
  1311 | D:2      | Slain by Grinder

Levels and vault maps discovered:
D:1:      dpeg_arrival_tiny_c, layout_rooms, chequers_jeans,
          chequers_serial_rivers_small_b, minmay_pentomino_v2
D:2:      layout_loops_ring, basic_altar, basic_ecumenical_altar,
          uniq_crazy_yiuf_cottage
D:3:      layout_loops_ring, nicolae_qazlal_general_emergency, serial_shops,
          shop, uniq_grinder

Skill      XL: |  1  2 |
---------------+-------+-----
Ranged Weapons | 3 |  3.9
Fighting       | 2 |  2.0
Dodging        | |  1.5
Spellcasting   | |  1.0
Hexes          | |  2.6

Action                     |  1- 3 |  4- 6 || total
---------------------------+-------+-------++-------
   Fire: Sling             |   100 |     8 ||   108
    Use: Scroll            |     4 |     1 ||     5
         Potion            |       |     1 ||     1
 Armour: Robe              |    15 |       ||    15
         Ring mail         |       |     3 ||     3
  Dodge: Dodged            |    21 |     3 ||    24

Table legend:
 A = Non-vault XP
 B = Vault XP
 C = Vault XP percentage of total XP
 D = Non-vault monster count
 E = Vault monster count
 F = Vault count percentage of total count
                 A         B        C        D         E       F
            +---------+---------+-------+---------+---------+-------
      Total |      86 |       4 |   4.4 |      34 |       2 |   5.6
            +---------+---------+-------+---------+---------+-------
        D:1 |      35 |       4 |  10.3 |      18 |       2 |  10.0
        D:2 |      51 |       0 |   0.0 |      16 |       0 |   0.0
            +---------+---------+-------+---------+---------+-------
